Map: Orbital Shipyard

Players

Miltreta - Winner!

  • Race: Terran Terran
  • League: Bronze

WeaponXV

  • Race: Terran Terran

VOD

Have the link to the VOD?

Description

Time

  • Played on: March 17, 2016, 9:07 p.m.
  • Length: 9:06
Show
View Real Time Build Order
Export as new Build Order

Miltreta Terran - Winner!

Build Orders: MMM Bio 

Get SALT Encoding   

  12  0:00  SCV  
  13  0:22  Supply Depot, SCV  
  14  0:35  Refinery  
  14  0:36  SCV  
  15  0:44  Barracks  
  15  0:48  SCV  
  16  0:59  Supply Depot  
  16  1:02  SCV  
  17  1:17  SCV  
  18  1:30  SCV  
  19  1:35  Engineering Bay  
  19  1:46  SCV  
  20  1:47  Engineering Bay  
  20  1:48  Marine  
  21  1:58  Factory  
  21  2:00  SCV  
  22  2:05  Refinery  
  22  2:09  Marine  
  23  2:24  Missile Turret  
  23  2:26  Orbital Command  
  23  2:32  Barracks Tech Lab  
  23  2:47  Widow Mine  
  25  3:03  Stimpack  
  25  3:11  Reaper  
  26  3:16  Widow Mine  
  28  3:38  Barracks  
  28  3:41  Barracks  
  28  3:48  Starport  
  28  4:01  Missile Turret  
  28  4:05  Missile Turret  
  28  4:07  Marine  
  28  4:34  Factory Reactor  
  28  4:35  Marine  
  28  4:36  Marine  
  28  4:37  Marine  
  31  4:46  Command Center  
  31  4:55  Supply Depot  
  31  4:57  Supply Depot  
  31  4:58  Terran Infantry Armor Level 1, Terran Infantry Weapons Level 1  
  31  5:02  Barracks Reactor, Barracks Tech Lab  
  31  5:08  Starport Reactor  
  31  5:16  SCV  
  31  5:17  Hellion  
  34  5:35  Missile Turret  
  34  5:38  Marine x2  
  34  5:41  Hellion  
  38  5:47  Medivac x2  
  42  5:57  SCV  
  43  6:13  Marine x2  
  43  6:14  Marine  
  43  6:15  Marauder  
  48  6:21  Barracks  
  48  6:28  Liberator  
  48  6:30  Missile Turret  
  48  6:33  Missile Turret  
  48  6:36  Orbital Command  
  48  6:40  Marine x2  
  57  7:01  Hellion x2  
  57  7:21  Combat Shields  
  57  7:43  SCV  
  58  7:45  SCV  
  58  7:46  Marine x2  
  61  8:08  Marauder  
  57  8:35  Marine x3  
  57  8:36  Marine  
Show
View Real Time Build Order
Export as new Build Order

WeaponXV Terran 

Build Orders:  

Get SALT Encoding   

  12  0:00  SCV  
  13  0:13  SCV  
  14  0:19  Supply Depot  
  14  0:25  SCV  
  15  0:37  Refinery  
  15  0:41  SCV  
  16  0:49  Barracks  
  16  0:53  SCV  
  17  1:02  Supply Depot  
  17  1:05  SCV  
  18  1:17  SCV  
  19  1:24  Barracks  
  19  1:29  SCV  
  20  1:41  SCV  
  20  1:46  Supply Depot  
  21  1:49  Marine  
  21  1:53  SCV  
  23  2:07  Marine  
  24  2:12  Marine  
  25  2:21  Bunker  
  25  2:26  Marine  
  25  2:29  Marine  
  26  2:36  Command Center  
  27  2:47  Marine  
  27  2:48  Marine  
  29  3:01  Orbital Command  
  29  3:05  Marine  
  29  3:06  Marine  
  31  3:23  Marine  
  31  3:24  Marine  
  33  3:29  Engineering Bay  
  33  3:43  SCV  
  34  3:56  SCV  
  35  4:06  Missile Turret  
  35  4:12  Barracks Tech Lab, Missile Turret  
  35  4:21  Barracks Tech Lab  
  34  4:37  Marauder  
  36  4:41  SCV  
  36  4:43  SCV  
  38  4:46  Refinery  
  38  4:54  SCV  
  38  4:55  SCV, Command Center  
  38  4:56  Factory  
  40  5:02  Refinery  
  40  5:06  SCV  
  41  5:07  SCV  
  41  5:13  Marauder x2  
  46  5:18  SCV  
  47  5:25  SCV  
  48  5:30  SCV  
  48  5:35  Supply Depot  
  49  5:42  SCV  
  50  5:54  SCV x2  
  52  6:06  SCV x2  
  52  6:08  Starport  
  52  6:10  Starport  
  54  6:15  Starport  
  54  6:18  SCV x2  
  55  6:21  Armory  
  55  6:24  SCV  
  57  6:30  SCV  
  58  6:43  Orbital Command  
  58  6:48  SCV  
  58  6:51  Starport Tech Lab  
  58  6:52  Starport Tech Lab  
  59  6:55  Starport Tech Lab  
  59  7:03  Supply Depot  
  59  7:11  Armory, Terran Vehicle And Ship Armor Level 1  
  59  7:18  Fusion Core  
  59  7:23  SCV  
  59  7:29  Supply Depot  
  60  7:32  Refinery  
  60  7:35  SCV  
  60  7:36  SCV  
  62  7:38  SCV  
  62  7:42  Refinery  
  63  7:47  SCV  
  63  7:48  SCV  
  63  7:50  SCV  
  66  8:00  SCV  
Tags
 
Composition
MMM Bio
League
Bronze
Matchup
TvT
Race
Terran
Add a new tag
Caveats
  • Supply blocks, unpowered buildings, or Contaminate may cause inaccurate times.
  • Supply counts are checked every 10 seconds.